 Dungeon Crawl Stone Soup version 0.22-a0-482-g76e0a5f (webtiles) character file.

12 Amnesiac the Grave Robber (level 2, 0/19 HPs)
             Began as a Mummy Necromancer on June 17, 2018.
             Killed from afar by an orc wizard (5 damage)
             ... with a magic dart
             ... on level 3 of the Dungeon.
             The game lasted 00:02:39 (816 turns).

Amnesiac the Grave Robber (Mummy Necromancer)        Turns: 816, Time: 00:02:40

Health: 0/19       AC:  0    Str: 11    XL:     2   Next: 20%
Magic:  6/6        EV: 12    Int: 14    God:
Gold:   13         SH:  0    Dex: 12    Spells: 8/8 levels left

rFire    . . .     SeeInvis .   b - +0 dagger
rCold    + . .     Gourm    .   (no shield)
rNeg     + + +     Faith    .   (no armour)
rPois    ∞         Spirit   .   (no helmet)
rElec    .         Reflect  .   (no cloak)
rCorr    .         Harm     .   (no gloves)
MR       .....     Rnd*Tele +   (no boots)
Stlth    ++........             (no amulet)
HPRegen  0.06/turn              f - ring of protection from fire
MPRegen  0.10/turn              e - ring of teleportation (curse)

@: no status effects
A: no food or potions, fire vulnerability, cold resistance 1, negative energy
resistance 3, torment resistance, unbreathing
a: no special abilities


You were on level 3 of the Dungeon.
You were not hungry.

You visited 1 branch of the dungeon, and saw 3 of its levels.

You collected 13 gold pieces.

Inventory:

Hand Weapons
 b - a +0 dagger (weapon)
Armour
 a - a +0 robe
 c - a +0 crystal plate armour
Jewellery
 e - a cursed ring of teleportation (right hand)
 f - a ring of protection from fire (left hand)


   Skills:
 - Level 1.5 Dodging
 - Level 1.5 Stealth
 + Level 3.8 Spellcasting
   Level 4.0 Necromancy


You had 8 spell levels left.
You didn't know any spells.
Your spell library contained the following spells:

 Spells                   Type           Power        Failure   Level  Hunger
 Animate Dead             Necr           N/A          36%         4    N/A
 Pain                     Necr           ##..         3%          1    N/A
 Animate Skeleton         Necr           N/A          3%          1    N/A
 Vampiric Draining        Necr           ##........   12%         3    N/A
 Regeneration             Chrm/Necr      #.........   26%         3    N/A

Dungeon Overview and Level Annotations

Branches:
Dungeon (3/15)

Altars:


Innate Abilities, Weirdness & Mutations

You do not eat or drink.
Your flesh is vulnerable to fire.
You are immune to poison.
Your flesh is cold resistant. (rC+)
You are immune to negative energy. (rN+++)
You are immune to unholy pain and torment.
You can survive without breathing.


Message History

The adder hisses angrily.
A rat comes into view.
Okay, then.
A kobold comes into view.
A kobold comes into view. It is wielding a dagger.
Really read
d - a scroll labeled FUACAUJ KAOSIO {!r}?
As you read the scroll labeled FUACAUJ KAOSIO {!r}, it crumbles to dust.
It is a scroll of identify.
c - a +0 crystal plate armour The adder closely misses you.
You aren't carrying any scrolls.
The adder misses you. The rat barely misses you. The adder barely misses you.
Found a stone staircase leading down.
Found a ration.
The adder barely misses you. The adder closely misses you.
There is a stone staircase leading down here.
The adder barely misses you.
You climb downwards.
An adder, a rat, a worm, a giant cockroach and an orc come into view.
The adder hisses angrily.
You hear a shout! x3
Found 8 gold pieces and a scroll of amnesia.
There is a stone staircase leading up here.
An orc comes into view. It is wielding a hand axe.
The adder bites you. x2
* * * LOW HITPOINT WARNING * * *
The adder closely misses you.
A goblin, an orc warrior and an orc wizard come into view.
The orc warrior shouts!
The orc shouts!
An orc wizard comes into view. It is wielding a dagger.
The adder closely misses you. The rat closely misses you.
The goblin shouts!
Found 18 poisoned needles.
A jackal comes into view.
The giant cockroach bites you.
* * * LOW HITPOINT WARNING * * *
Wield which item (- for none, * to show all)? (? for menu, Esc to quit)
Okay, then.
Wear which item? (? for menu, Esc to quit)
Keep disrobing?
The giant cockroach barely misses you.
You start removing your armour.
You continue taking off your +0 robe.
The giant cockroach misses you.
You continue taking off your +0 robe.
The giant cockroach misses you.
You continue taking off your +0 robe.
The giant cockroach completely misses you.
You continue taking off your +0 robe.
The giant cockroach closely misses you. The giant cockroach misses you.
You finish taking off your +0 robe.
Unknown command.
Wear which item? (? for menu, Esc to quit)
The jackal misses you. The giant cockroach barely misses you.
Keep equipping yourself?
You start putting on your armour.
You continue putting on your +0 crystal plate armour.
The orc wizard shouts!
The jackal closely misses you. The giant cockroach bites you.
* * * LOW HITPOINT WARNING * * *
The orc wizard points at you and mumbles some strange words.
The magic dart hits you!
You die...

..............#
...............##
#............... #
#.............?#.#
#..............#.#
#................###
#......h..........#
#..$.@#...........
#...#.##sS..<.......
....o.o.Sw..........
...#.#.###.........
#.. # #o #.....##.o
## go #........# .o#
#####.... .. .#..#
.(. ##...


You could see a worm, an orc wizard, 2 adders, a jackal and a giant cockroach.

Vanquished Creatures
  A dart slug (D:1)
  3 goblins (D:1)
  A hobgoblin (D:1)
  2 bats (D:1)
  A frilled lizard (D:2)
  A kobold (D:1)
  A rat (D:1)
10 creatures vanquished.

Notes
Turn   | Place    | Note
-------+----------+-------------------------------------------
     0 | D:1      | Amnesiac the Mummy Necromancer began the quest for the Orb.
     0 | D:1      | Reached XP level 1. HP: 13/13 MP: 4/4
   200 | D:1      | Reached XP level 2. HP: 4/19 MP: 0/6
   808 | D:3      | Noticed an orc warrior
   816 | D:3      | Killed from afar by an orc wizard

Vault maps used:
D:1:      dpeg_arrival_court
D:2:      nicolae_overflow_crystal_walls, minitemple, minmay_misc_feat_tower,
          st_stairs_13, uniq_natasha, uniq_sigmund
D:3:      kennysheep_generic_room_5

Skill      XL: |  1 |
---------------+----+-----
Spellcasting   | 3 |  3.8
Dodging        | |  1.5
Stealth        | |  1.5
Necromancy     | |  4.0

Action                   || total
-------------------------++-------
Melee: Dagger            ||    11
 Cast: Pain              ||    17
  Use: Scroll            ||     2
 Stab: Sleeping          ||     1
Armor: Robe              ||    14
Dodge: Dodged            ||    41

Table legend:
 A = Spawn XP
 B = Non-spawn XP
 C = Spawn XP percentage of total XP
 D = Spawn monster count
 E = Non-spawn monster count
 F = Spawn count percentage of total count
 G = Total turns spent on level
                    A         B        C        D         E        F      G
               +---------+---------+-------+---------+---------+-------+---------
         Total |       0 |      18 |   0.0 |       0 |      10 |   0.0 |   816
               +---------+---------+-------+---------+---------+-------+---------
           D:1 |       0 |      17 |   0.0 |       0 |       9 |   0.0 |   742
           D:2 |       0 |       1 |   0.0 |       0 |       1 |   0.0 |    62
               +---------+---------+-------+---------+---------+-------+---------
